 Dungeon Crawl Stone Soup version 0.28.0-45-g0d030f2227 (webtiles) character file.

Game seed: 9127213305685139259

81 101zpm the Gusty (level 4, 0/32 HPs)
             Began as a Gnoll Air Elementalist on Apr 21, 2022.
             Was an Initiate of Dithmenos.
             Succumbed to a water moccasin's poison
             ... on level 3 of the Dungeon.
             The game lasted 00:05:56 (1368 turns).

101zpm the Gusty (Gnoll Air Elementalist)           Turns: 1368, Time: 00:05:56

Health: 0/32       AC:  2    Str:  7    XL:     4   Next: 42%
Magic:  0/11       EV: 13    Int: 16    God:    Dithmenos [......]
Gold:   49         SH:  0    Dex: 13    Spells: 3/13 levels left

rFire   . . .      SeeInvis .     - Unarmed
rCold   . . .      Faith    .   (no shield)
rNeg    . . .      Spirit   .   a - +0 robe
rPois   .          Reflect  .   (no helmet)
rElec   .          Harm     .   (no cloak)
rCorr   .          Rampage  .   (no gloves)
Will    .....                   (no boots)
Stlth   +++.......              (no amulet)
HPRegen 0.10/turn               (no ring)
MPRegen 0.12/turn               (no ring)

@: lethally poisoned (0 -> -42)
A: fangs 1, strong nose, distributed training
a: Renounce Religion


You were on level 3 of the Dungeon.
You worshipped Dithmenos.
Dithmenos was noncommittal.
You visited 1 branch of the dungeon, and saw 5 of its levels.

You collected 49 gold pieces.

Inventory:

Armour
 a - a +0 robe (worn)
Jewellery
 e - a ring of magical power
Wands
 f - a wand of iceblast (7)
Scrolls
 b - a scroll of amnesia {unknown}
 c - a scroll of brand weapon {unknown}
 g - a scroll of identify {unknown}
 i - a scroll of teleportation {unknown}
 j - a scroll of immolation {unknown}
 k - a scroll of silence {unknown}
Potions
 h - a potion of berserk rage {unknown}


   Skills:
 + Level 1.1 Fighting
 + Level 1.1 Short Blades
 + Level 1.1 Long Blades
 + Level 1.1 Axes
 + Level 1.1 Maces & Flails
 + Level 1.1 Polearms
 + Level 1.1 Staves
 + Level 1.1 Slings
 + Level 1.1 Bows
 + Level 1.1 Crossbows
 + Level 1.1 Throwing
 + Level 1.1 Armour
 + Level 4.6 Dodging
 + Level 4.2 Stealth
 + Level 1.1 Shields
 + Level 1.1 Unarmed Combat
 + Level 5.1 Spellcasting
 + Level 2.2 Conjurations
 + Level 0.9 Hexes
 + Level 0.9 Summonings
 + Level 0.9 Necromancy
 + Level 0.9 Translocations
 + Level 0.9 Transmutations
 + Level 0.9 Fire Magic
 + Level 0.9 Ice Magic
 + Level 5.4 Air Magic
 + Level 0.9 Earth Magic
 + Level 0.9 Poison Magic
 + Level 1.2 Invocations
 + Level 1.1 Evocations


You had 3 spell levels left.
You knew the following spells:

 Your Spells              Type           Power      Damage    Failure   Level
a - Shock                 Conj/Air       64%        1d7       3%          1
b - Static Discharge      Conj/Air       16%        N/A       4%          2
c - Swiftness             Air            21%        N/A       4%          3
d - Airstrike             Air            10%        N/A       16%         4

Your spell library contained the following spells:

 Spells                   Type           Power      Damage    Failure   Level
 Animate Skeleton         Necr           14%        N/A       11%         1
 Pain                     Necr           28%        1d5       11%         1
 Vampiric Draining        Necr           7%         2d6       30%         3


Dungeon Overview and Level Annotations

Branches:
Dungeon (5/15)
 Temple: D:4-7

Altars:
Dithmenos


Innate Abilities, Weirdness & Mutations

You have very sharp teeth.
Your uncanny sense of smell can sniff out nearby items.
Your experience applies equally to all skills.


Message History

Aim: a centaur skeleton (empty space bonus: 7/8)
You miscast Airstrike.
Nothing appears to happen.
Aiming: Shock (safe; 3% risk of failure)
Press: ? - help, Q - select action, (/) - cycle Shift-Dir - straight line, f/p - centaur skeleton
Aim: a centaur skeleton (100% to hit)
The zap hits the centaur skeleton.
The centaur skeleton is moderately damaged.
The water moccasin hisses angrily.
The centaur skeleton misses you.
The centaur skeleton kicks you but does no damage.
There is a stone staircase leading up here.
The water moccasin misses you.
You climb upwards.
Your magical contamination has completely faded away.
There is a stone staircase leading down here.
Casting: Shock (safe; 3% risk of failure)
Confirm with . or Enter, or press ? or * to list all spells.
The water moccasin is struck by an arc of lightning.
The water moccasin is moderately wounded.
The lightning grounds out.
The water moccasin bites you!
You are poisoned.
The water moccasin poisons you! The water moccasin bites you!
It was a potion of heal wounds.
You feel much better.
You feel very sick. The water moccasin barely misses you.
Casting: Static Discharge (safe; 4% risk of failure)
Confirm with . or Enter, or press ? or * to list all spells.
The water moccasin is struck by an arc of lightning.
The water moccasin is moderately wounded.
You are struck by an arc of lightning.
The lightning grounds out.
You feel very sick. The water moccasin bites you!
You are lethally poisoned!
The water moccasin poisons you! The water moccasin bites you!
* * * LOW HITPOINT WARNING * * *
You are more poisoned.
The water moccasin poisons you!
You completely miss the water moccasin.
The water moccasin is moderately wounded.
You die...

#...........
#.########## #.# #.#
#.# #####.## #......#
...######.###..#
.......@S.# #..######.#
...##########..........
#..................
.###.###.#####...###...
..........# ##### #..
####.##>.## #.. #.....#
#.. ####..# #.. #..##
#..


You could see a water moccasin.

Vanquished Creatures
  A jelly (D:4)
  A howler monkey skeleton (D:5)
  An adder (D:2)
  An ufetubus (D:5)
  An adder zombie (D:5)
  A worm (D:2)
  An orc (D:3)
  An endoplasm (D:1)
  2 giant cockroaches
  A hobgoblin (D:3)
  2 kobolds
  6 ball pythons
  A bat (D:1)
  3 frilled lizards
  A rat (D:1)
24 creatures vanquished.

Notes
Turn   | Place    | Note
-------+----------+-------------------------------------------
     0 | D:1      | 101zpm the Gnoll Air Elementalist began the quest for the
                  | Orb.
     0 | D:1      | Reached XP level 1. HP: 13/13 MP: 6/6
   346 | D:1      | Reached XP level 2. HP: 19/19 MP: 5/7
   361 | D:2      | Found a shadowy altar of Dithmenos.
   365 | D:2      | Became a worshipper of Dithmenos the Shadowed
   517 | D:2      | Reached XP level 3. HP: 25/25 MP: 0/9
   638 | D:3      | Found the +8 Wrath of Trog {antimagic, *Rage Rampage}
   685 | D:3      | Reached skill level 5 in Spellcasting
  1034 | D:4      | Reached skill level 1 in Fighting
  1034 | D:4      | Reached skill level 1 in Short Blades
  1034 | D:4      | Reached skill level 1 in Long Blades
  1034 | D:4      | Reached skill level 1 in Axes
  1034 | D:4      | Reached skill level 1 in Maces & Flails
  1034 | D:4      | Reached skill level 1 in Polearms
  1034 | D:4      | Reached skill level 1 in Staves
  1034 | D:4      | Reached skill level 1 in Slings
  1034 | D:4      | Reached skill level 1 in Bows
  1034 | D:4      | Reached skill level 1 in Crossbows
  1034 | D:4      | Reached skill level 1 in Throwing
  1034 | D:4      | Reached skill level 1 in Armour
  1034 | D:4      | Reached skill level 1 in Shields
  1034 | D:4      | Reached skill level 1 in Unarmed Combat
  1034 | D:4      | Reached skill level 1 in Invocations
  1034 | D:4      | Reached skill level 1 in Evocations
  1034 | D:4      | Reached XP level 4. HP: 32/32 MP: 6/11
  1140 | D:5      | Entered Level 5 of the Dungeon
  1268 | D:5      | Noticed a two-headed ogre
  1294 | D:5      | Learned a level 2 spell: Static Discharge
  1298 | D:5      | Learned a level 3 spell: Swiftness
  1303 | D:5      | Learned a level 4 spell: Airstrike
  1349 | D:4      | Noticed a water moccasin
  1368 | D:3      | Succumbed to a water moccasin's poison

Illustrated notes

Levels and vault maps discovered:
D:1:      minmay_arrival_doors, layout_loops_ring,
          shapermc_ecumenical_altar_venn
D:2:      layout_loops_ring, basic_altar
D:3:      layout_loops_ring, serial_glass, glass_columns_a, glass_columns_c,
          uniq_crazy_yiuf_cottage
D:4:      layout_loops_cross, uniq_eustachio
D:5:      layout_basic, lemuel_doored_altar, kennysheep_generic_room_10,
          uniq_edmund

Skill      XL: |  1  2  3 |
---------------+----------+-----
Conjurations   | 2 |  2.2
Spellcasting   | 5 |  5.1
Fighting       | 1 |  1.1
Short Blades   | 1 |  1.1
Long Blades    | 1 |  1.1
Axes           | 1 |  1.1
Maces & Flails | 1 |  1.1
Polearms       | 1 |  1.1
Staves         | 1 |  1.1
Slings         | 1 |  1.1
Bows           | 1 |  1.1
Crossbows      | 1 |  1.1
Throwing       | 1 |  1.1
Armour         | 1 |  1.1
Shields        | 1 |  1.1
Unarmed Combat | 1 |  1.1
Invocations    | 1 |  1.2
Evocations     | 1 |  1.1
Dodging        | |  4.6
Stealth        | |  4.2
Hexes          | |  0.9
Summonings     | |  0.9
Necromancy     | |  0.9
Translocations | |  0.9
Transmutations | |  0.9
Fire Magic     | |  0.9
Ice Magic      | |  0.9
Air Magic      | |  5.4
Earth Magic    | |  0.9
Poison Magic   | |  0.9

Action                   |  1- 3 |  4- 6 || total
-------------------------+-------+-------++-------
Melee: Unarmed           |       |     1 ||     1
 Cast: Shock             |    46 |    12 ||    58
       Static Discharge  |       |     2 ||     2
  Use: Potion            |       |     1 ||     1
Armor: Robe              |     2 |     1 ||     3
Dodge: Dodged            |     5 |     3 ||     8
